[Event "44th Chess Olympiad Open 2022"]
[Site "Chennai"]
[Date "2022.08.05"]
[Round "7.60"]
[White "Chekh Adm Khedr, Aram"]
[Black "Yan, Austin K"]
[Result "1/2-1/2"]
[WhiteElo "2147"]
[BlackElo "1568"]
[Annotator "NA RC"]
[PlyCount "114"]
[EventDate "2022.??.??"]
[TimeControl "60"]

1. e4 c5 2. b3 d5 3. exd5 Qxd5 4. Nc3 Qd8 5. Bc4 Nf6 6. Nf3 a6 7. a4 Nc6 8. Bb2 Bg4 9. h3 Bh5 10. g4 Bg6 11. d3 e6 12. Qd2 Bd6 13.
Rg1 Qc7 14. Ne2 O-O-O 15. h4 Ne5 16. Nxe5 Bxe5 17. Bxe5 Qxe5 18. Qc3 Qxc3+ 19. Nxc3 h5 20. g5 Nd7 21. f4 Nb8 22. O-O-O Kc7 23. Ne4 b6 24. Nd2 Bf5 25. Rde1 Rhe8 26. Nf3 f6 27. gxf6 gxf6 28. Rg7+ Rd7 29. Rxd7+ Kxd7 30. c3 Rg8 31. Rg1 Rxg1+ 32. Nxg1 Bg4 33. Kd2 Kc6 34. b4 b5 35. Bb3 Nd7 36. axb5+ axb5 37. Ke3 Nf8 38. Nf3 Ng6 39. bxc5 Kxc5 40. Nh2 Nxh4 41. Nxg4 hxg4 42. Bxe6 f5 43. Kf2 Kd6 44. Bc8 Kc7 45. Be6 Kd6 46. Bf7 Nf3 47. Bg6 b4 48. cxb4 Nd4 49. Be8 Nc2 50. b5 Kc5 51. Bd7 Nd4 52. Ke3 Nc2+ 53. Ke2 Nd4+ 54. Kf2 Kb6 55. Ke3 g3 56. Bc6 Nxc6 57. bxc6 Kxc6 1/2-1/2

[Event "44th Chess Olympiad Open 2022"]
[Site "Chennai"]
[Date "2022.08.05"]
[Round "7.60"]
[White "Liu, Yeh Yang"]
[Black "Fandi, Mazen."]
[Result "0-1"]
[WhiteElo "1994"]
[BlackElo "1715"]
[Annotator "NA"]
[PlyCount "110"]
[EventDate "2022.??.??"]
[TimeControl "60"]

1. e4 d5 2. exd5 Qxd5 3. Nc3 Qe5+ 4. Nge2 Qa5 5. d4 c6 6. Nf4 Nf6 7. Bc4 e6 8. O-O Bd6 9. Qd3 O-O 10. Ne4 Nxe4 11. Qxe4 Nd7 12. c3 e5 13. b4 Qc7 14. dxe5 Bxe5 15. Qf3 Nf6 16. h3 Bf5 17. Nh5 Bg6 18.
Nxf6+ Bxf6 19. Bf4 Be5 20. Bxe5 Qxe5 21. Rfe1 Qc7 22. Re3 Rfe8 23. Rae1 Rxe3 24. Qxe3 h6 25. Qe7 Rc8 26. a4 b5 27. Bb3 bxa4 28. Bxa4 c5 29. Qxc7 Rxc7 30. Re8+ Kh7 31. b5 Bd3 32. Rd8 Bc4 33. Rb8 g6 34. Kh2 Kg7 35. Kg3 Kf6 36. Kf4 g5+ 37. Kg4 Be6+ 38. Kf3 Rb7 39. Rh8 Kg7 40. Ra8 Rxb5 41. Rxa7 Rb1 42. Ra5 Ra1 43. h4 gxh4 44. Ke4 Bb3 45. Bxb3 Rxa5 46. Kd3 c4+ 47. Bxc4 Rg5 48. Ke3 Rxg2 49. Bd5 h3 50. c4 Rg5 51. Bb7 h2 52. Kd2 Rg1 53.
c5 h1=Q 54. Bxh1 Rxh1 55. c6 Rh5 0-1

[Event "44th Chess Olympiad Open 2022"]
[Site "Chennai"]
[Date "2022.08.05"]
[Round "7.61"]
[White "Rocha, Maximiliano"]
[Black "Anhwere, Bernard"]
[Result "1-0"]
[WhiteElo "2117"]
[BlackElo "1890"]
[Annotator "NA RC"]
[PlyCount "85"]
[EventDate "2022.??.??"]
[TimeControl "60"]

1. e4 c5 2. Nf3 d6 3. Bc4 e6 4. O-O Nf6 5. d3 Be7 6. Re1 O-O 7. Bb3 Nc6 8. c3 e5 9. h3 b5 10. Bg5 Rb8 11. Nbd2 a5 12. Nf1 a4 13. Bc2 Be6 14. d4 exd4 15.
cxd4 Nb4 16. Bb1 d5 17. Bxf6 Bxf6 18. e5 Be7 19. dxc5 Bxc5 20. a3 Na6 21. Ne3 Qd7 22. Ng5 g6 23. Ba2 Rfd8 24. Qf3 Be7 25. Qf4 Kg7 26. Rad1 Nc7 27. h4 h6 28. Ne4 b4 29. Nf6 Bxf6 30. Qxf6+ Kh7 31. h5 Qe8 32. Rc1 Rd7 33. Bb1 Rb6 34. Rxc7 Rxc7 35. Nxd5 Bxd5 36. Qxb6 Rc6 37. Qxb4 Qe6 38.
hxg6+ fxg6 39. Qxa4 h5 40. Qh4 Kh6 41. f4 Kg7 42. Qg5 Kf7 43.
f5 1-0

[Event "44th Chess Olympiad Open 2022"]
[Site "Chennai"]
[Date "2022.08.05"]
[Round "7.61"]
[White "Espinoza Solano, Jose Nahum"]
[Black "Adu Jnr, Lionel"]
[Result "1-0"]
[WhiteElo "2093"]
[BlackElo "1824"]
[Annotator "NA"]
[PlyCount "139"]
[EventDate "2022.??.??"]
[TimeControl "60"]

1. e4 c6 2. d4 d5 3. exd5 cxd5 4. c4 Nf6 5. Nc3 Nc6 6. Nf3 Bg4 7. cxd5 Nxd5 8. Qb3 Bxf3 9. gxf3 e6 10. Qxb7 Nxd4 11. Bb5+ Nxb5 12. Qc6+ Ke7 13. Qxb5 Qd7 14. Nxd5+ Qxd5 15. Qxd5 exd5 16.
O-O Rd8 17. Rd1 d4 18. Bf4 Ke6 19. Rac1 Rd5 20. Rc4 Bc5 21. b4 Bb6 22. a4 d3 23. a5 Bd4 24. Kf1 Bf6 25. Rc6+ Kf5 26. Be3 Rb8 27. Bxa7 Rxb4 28. a6 Ra4 29. Bc5 Ra2 30. a7 Bd4 31. Rc8 Rxf2+ 32. Kg1 Rd2+ 33. Bxd4 Rxd1+ 34. Kf2 Rd2+ 35. Ke3 Ra2 36.
a8=Q Rxa8 37. Rxa8 d2 38. Ra1 f6 39. Rd1 g5 40. Rxd2 h5 41.
Rc2 Rd6 42. Rc5+ Kg6 43. Rb5 Re6+ 44. Kd3 Rc6 45. Rb6 Rxb6 46. Bxb6 Kf5 47. Ke3 g4 48. f4 h4 49. Bc7 h3 50. Kf2 Ke4 51.
Kg3 f5 52. Kf2 Kd3 53. Bd8 Kd2 54. Bh4 Kd3 55. Ke1 Ke4 56. Bg3 Ke3 57. Kd1 Kd3 58. Kc1 Kc3 59. Kb1 Kd2 60. Kb2 Kd3 61. Kb3 Kd4 62. Kb4 Kd5 63. Kb5 Kd6 64. Kb6 Kd7 65. Kc5 Ke6 66. Kc6 Ke7 67. Kd5 Kf6 68. Kd6 Kf7 69. Ke5 Kg6 70. Ke6 1-0

[Event "44th Chess Olympiad Open 2022"]
[Site "Chennai"]
[Date "2022.08.05"]
[Round "7.61"]
[White "Hasford, John Kojo"]
[Black "Alfaro, William"]
[Result "1/2-1/2"]
[WhiteElo "1976"]
[BlackElo "2155"]
[Annotator "NA RC"]
[PlyCount "72"]
[EventDate "2022.??.??"]
[TimeControl "60"]

1. d4 Nf6 2. Nf3 g6 3. Bf4 d5 4. e3 Bg7 5. Be2 c5 6. O-O O-O 7. h3 Qb6 8. Qc1 Nc6 9. c3 Bf5 10. Nbd2 Rac8 11. dxc5 Qxc5 12. Nd4 e5 13. Nxf5 exf4 14. Nb3 Qb6 15. Nxg7 Kxg7 16. exf4 d4 17. Bf3 dxc3 18. bxc3 Nb4 19. Qd2 Rfd8 20. Nd4 Nc2 21. Qxc2 Rxd4 22. Rab1 Qa5 23. Rxb7 Rxc3 24. Qe2 Rxf4 25. Qe7 Ng8 26. Rxa7 Qf5 27. Qd6 Rcxf3 28. gxf3 Rxf3 29. Ra8 Qxh3 30. Qf8+ Kf6 31. Ra6+ Kg5 32. Ra5+ f5 33. Qd8+ Kh5 34. Ra4 Nh6 35. Qc7 f4 36. Rxf4 Rg3+ 1/2-1/2

[Event "44th Chess Olympiad Open 2022"]
[Site "Chennai"]
[Date "2022.08.05"]
[Round "7.62"]
[White "Tsige, Addisalem Temesgen"]
[Black "Estur, Gavino Aguilar"]
[Result "1-0"]
[WhiteElo "2072"]
[BlackElo "1598"]
[Annotator "NA RC"]
[PlyCount "63"]
[EventDate "2022.??.??"]
[TimeControl "60"]

1. d4 Nc6 2. Bf4 e6 3. e3 Nf6 4. Nd2 Be7 5. c3 a6 6. Bd3 b6 7. h3 Bb7 8. Ngf3 Bd6 9. Bxd6 cxd6 10. a4 d5 11. O-O O-O 12. Qe2 d6 13.
e4 dxe4 14. Nxe4 Nxe4 15. Qxe4 g6 16. Qe3 Kg7 17. Rad1 Re8 18.
Rfe1 d5 19. Nh2 h5 20. Nf3 Rb8 21. Ng5 Qf6 22. h4 Na5 23. Qg3 Nc4 24. b3 Nb2 25. Rd2 Nxd3 26. Rxd3 Qd8 27. Rf3 Re7 28. Rxf7+ Rxf7 29. Nxe6+ Kh7 30. Nxd8 Rxd8 31. Re6 Rg7 32. Rxg6 1-0

[Event "44th Chess Olympiad Open 2022"]
[Site "Chennai"]
[Date "2022.08.05"]
[Round "7.62"]
[White "Mafnas, Peter"]
[Black "Badene, Habtamu Bayu"]
[Result "0-1"]
[WhiteElo "2039"]
[BlackElo "2011"]
[Annotator "NA RC"]
[PlyCount "134"]
[EventDate "2022.??.??"]
[TimeControl "60"]

1. c4 Nf6 2. b3 e5 3. Bb2 Nc6 4. e3 d5 5. cxd5 Nxd5 6. Nf3 e4 7. Nd4 Ne5 8. Nc3 Nb4 9. Qb1 Nbd3+ 10. Bxd3 Nxd3+ 11. Kf1 Qh4 12. Nd1 Bg4 13. Ne2 O-O-O 14. Bc3 Rd5 15. Ng3 Bd6 16. Kg1 f5 17. Bxg7 Rg8 18. Nc3 Nxf2 19. Nxd5 Nxh1 20. Bf6 Qh6 21. Ne7+ Bxe7 22. Bxe7 Nxg3 23. hxg3 Qe6 24. Bh4 Qd5 25. Qc2 Rg6 26. Qc3 h5 27. Rc1 c6 28. Qh8+ Rg8 29. Qf6 Re8 30. Bg5 Qe6 31. Qd4 Kb8 32. Bf4+ Ka8 33.
Rc5 b6 34. Re5 Qc8 35. Rxe8 Qxe8 36. Qd6 Be2 37. a4 Bd1 38. Qb4 Qf7 39. Qc3 Kb7 40. b4 Bxa4 41. d4 exd3 42. Qxd3 Qd5 43. Qc3 Bb3 44. Qg7+ Qf7 45. Qd4 Bd5 46. Kf2 Qe7 47. b5 Qf7 48. bxc6+ Bxc6 49. Qh8 Qd5 50. Qg7+ Ka6 51. Qa1+ Kb7 52. Qg7+ Qd7 53. Qh8 Qd2+ 54. Kf1 Bxg2+ 55. Kg1 Bd5 56. Qg7+ Ka6 57. Qa1+ Qa2 58. Be5 Qxa1+ 59. Bxa1 Kb5 60. Kf1 a5 61. Ke2 Kc4 62. Bd4 b5 63. Kd2 Kb3 64. Kc1 Be4 65. Be5 b4 66. Bd4 a4 67. Be5 Ka2 0-1

[Event "44th Chess Olympiad Open 2022"]
[Site "Chennai"]
[Date "2022.08.05"]
[Round "7.62"]
[White "Soriano, Rudolph P."]
[Black "Abera, Aydagnuhem Gezachew"]
[Result "1/2-1/2"]
[WhiteElo "1824"]
[BlackElo "2137"]
[Annotator "NA RC"]
[PlyCount "115"]
[EventDate "2022.??.??"]
[TimeControl "60"]

1. Nf3 d5 2. d4 c5 3. c4 dxc4 4. g3 cxd4 5. Bg2 Nc6 6. Qa4 Qa5+ 7. Qxa5 Nxa5 8. Nxd4 Bd7 9. O-O e5 10. Nc2 Nf6 11. Ne3 Bc5 12. Bd2 Bxe3 13. Bxe3 Bc6 14. Na3 Bxg2 15. Kxg2 Ne4 16. Rac1 b5 17. Nxb5 Rb8 18. Nc3 Nxc3 19. bxc3 a6 20. Bc5 Nb7 21. Rb1 Kd7 22. Ba7 Kc6 23. Bxb8 Rxb8 24. Rb4 Rd8 25. Rxc4+ Nc5 26. Rb1 f5 27. a4 Rd2 28. Kf1 Ra2 29. Rb8 Kd5 30. Rh4 h6 31. Rb6 e4 32. Rh5 Rxa4 33.
Rxf5+ Kc4 34. Rc6 Ra1+ 35. Kg2 Ra5 36. h4 Rb5 37. Rfxc5+ Rxc5 38. Rxa6 Kxc3 39. Rg6 Rc7 40. g4 Kd2 41. e3 Ke2 42. Ra6 Rf7 43.
Ra2+ Ke1 44. Kg1 Re7 45. Ra5 Ke2 46. Rf5 Re6 47. g5 Re7 48.
Kg2 g6 49. Rf6 hxg5 50. hxg5 Re5 51. Rxg6 Rf5 52. Rf6 Rxg5+ 53. Kh3 Rg8 54. Rf4 Rg7 55. Kh2 Rg8 56. Kh3 Rg7 57. Rxe4 Kxf2 58. Re8 1/2-1/2

[Event "44th Chess Olympiad Open 2022"]
[Site "Chennai"]
[Date "2022.08.05"]
[Round "7.63"]
[White "Rongwane, Gomolemo"]
[Black "Vasco Mateus Felizardo Viagei"]
[Result "1-0"]
[WhiteElo "2033"]
[BlackElo "1852"]
[Annotator "NA RC"]
[PlyCount "101"]
[EventDate "2022.??.??"]
[TimeControl "60"]

1. d4 Nf6 2. Nf3 e6 3. e3 b6 4. Bd3 Bb7 5. O-O Be7 6. Nbd2 c5 7. b3 cxd4 8. exd4 O-O 9. Bb2 d6 10. Re1 Nbd7 11. c4 Re8 12. Qc2 Rc8 13.
Rad1 Qc7 14. Qb1 Bf8 15. Re3 g6 16. Qa1 Bh6 17. Ree1 Nh5 18.
Bf1 Bg7 19. g3 Qb8 20. Bh3 Rcd8 21. Re2 Qa8 22. Re3 f5 23. Bg2 Bh6 24. Rd3 e5 25. dxe5 Nc5 26. Rd5 Bxd5 27. cxd5 dxe5 28. Nxe5 Bg7 29. b4 Bxe5 30. bxc5 Bxb2 31. Qxb2 Rxd5 32. Qb3 Red8 33. Nf1 Nf6 34. Ne3 Kg7 35. Nxd5 Nxd5 36. Rxd5 Rxd5 37. Qxd5 Qxd5 38. Bxd5 bxc5 39. f4 Kf6 40. Kf2 Ke7 41. Ke3 Kd6 42. Bg8 Ke7 43. Kd3 h6 44. Kc4 Kf6 45. a4 g5 46. Kxc5 gxf4 47. gxf4 Kg6 48. Be6 Kh5 49. Bxf5 Kh4 50. Kd6 a5 51. Bg6 1-0

[Event "44th Chess Olympiad Open 2022"]
[Site "Chennai"]
[Date "2022.08.05"]
[Round "7.63"]
[White "Sabure, Bojosi"]
[Black "Jamal, Hamid Harmon Gulamo"]
[Result "1-0"]
[WhiteElo "1966"]
[BlackElo "1617"]
[Annotator "NA RC"]
[PlyCount "67"]
[EventDate "2022.??.??"]
[TimeControl "60"]

1. e4 c5 2. b4 cxb4 3. d4 d5 4. e5 e6 5. Nf3 Nc6 6. a3 bxa3 7. c3 f6 8. Bd3 Qc7 9. Qe2 Na5 10. Ra2 Nc4 11. O-O b5 12. Nxa3 Bd7 13.
exf6 Nxf6 14. Bf5 Bxa3 15. Bxa3 Nxa3 16. Bxe6 Kf8 17. Bxd7 Qxc3 18. Qe6 Qb4 19. Ne5 Qe7 20. Rxa3 Qxe6 21. Bxe6 Ke7 22. Ra6 Rhb8 23. Nc6+ Kxe6 24. Nxb8+ Kf5 25. Nc6 Ne4 26. Rxa7 Rxa7 27. Nxa7 b4 28. Rb1 g5 29. f3 Nc3 30. Rxb4 Kf4 31. Kf2 Nd1+ 32. Ke2 Nc3+ 33. Kd2 Na2 34. Rb3 1-0

[Event "44th Chess Olympiad Open 2022"]
[Site "Chennai"]
[Date "2022.08.05"]
[Round "7.63"]
[White "Napoleao, Lourenco"]
[Black "Oratile, Kgotlane"]
[Result "1-0"]
[WhiteElo "1778"]
[BlackElo "2024"]
[Annotator "NA RC"]
[PlyCount "103"]
[EventDate "2022.??.??"]
[TimeControl "60"]

1. e4 c5 2. Nf3 g6 3. d4 cxd4 4. Qxd4 Nf6 5. e5 Nc6 6. Qa4 Nd5 7. Qb3 Nc7 8. Nc3 Bg7 9. Bf4 Ne6 10. Bg3 Ned4 11. Nxd4 Nxd4 12. Qa4 Nc6 13. f4 O-O 14. O-O-O a6 15. h4 b5 16. Qe4 Qa5 17. Kb1 d5 18.
Nxd5 Be6 19. Be1 Bxd5 20. Rxd5 Qb6 21. h5 Rad8 22. hxg6 hxg6 23. Bd3 Rxd5 24. Qxd5 Rd8 25. Qe4 Qc5 26. Rf1 Qd5 27. Bh4 Qe6 28.
Bf2 Na5 29. b3 Nc6 30. Bb6 Rc8 31. Be3 f5 32. Qf3 Rd8 33. Bd2 Nd4 34. Qf2 Rd7 35. Bc3 Nc6 36. g4 Qd5 37. gxf5 gxf5 38. Bxf5 e6 39. Bd3 Rf7 40. Bg6 Rd7 41. Re1 Rc7 42. Be4 Qd7 43. Bxc6 Qxc6 44. Bb2 a5 45. f5 exf5 46. Qxf5 Rf7 47. Qd3 Rd7 48. Qe2 Bh6 49. e6 Rd2 50. Qg4+ Kf8 51. e7+ Kf7 52. e8=Q+ 1-0

[Event "44th Chess Olympiad Open 2022"]
[Site "Chennai"]
[Date "2022.08.05"]
[Round "7.64"]
[White "Myat Thiri Aung Kyaw"]
[Black "Alhejab, Meshal"]
[Result "1-0"]
[WhiteElo "2120"]
[BlackElo "1732"]
[Annotator "NA RC"]
[PlyCount "93"]
[EventDate "2022.??.??"]
[TimeControl "60"]

1. e4 c5 2. Nf3 Nc6 3. Nc3 e5 4. Bc4 d6 5. a4 g6 6. d3 h6 7. Nd5 Bg7 8. Be3 Nf6 9. Nxf6+ Qxf6 10. Qd2 Bg4 11. Ng1 Rc8 12. Ne2 Qd8 13.
O-O Ne7 14. f4 d5 15. exd5 Nxd5 16. fxe5 O-O 17. Nc3 Nxe3 18.
Qxe3 Qd4 19. Qxd4 cxd4 20. Nd5 Kh8 21. Rae1 Be6 22. b3 a6 23. Nb6 Rc7 24. a5 Re8 25. Bxe6 Rxe6 26. Nc4 Rce7 27. b4 Kg8 28. Rf4 Rd7 29. Ree4 Bf8 30. Rxd4 Rxd4 31. Rxd4 Bxb4 32. Rd8+ Kg7 33. Kf2 Bc3 34. Rd7 Bxe5 35. Rxb7 Bc3 36. Kf3 Bd4 37. Rd7 Bc3 38. d4 Kf6 39. Ne5 Bxa5 40. Rxf7+ Kg5 41. Ke4 Bc3 42. Rf3 Be1 43. d5 Re8 44. d6 Ba5 45. Kd5 Rc8 46. c4 Rb8 47. Nc6 1-0

[Event "44th Chess Olympiad Open 2022"]
[Site "Chennai"]
[Date "2022.08.05"]
[Round "7.64"]
[White "Sai Han Thiha"]
[Black "Al-Hajiri, Bader"]
[Result "1-0"]
[WhiteElo "1974"]
[BlackElo "2011"]
[Annotator "NA RC"]
[PlyCount "49"]
[EventDate "2022.??.??"]
[TimeControl "60"]

1. d4 Nf6 2. Bf4 g6 3. Nf3 Bg7 4. e3 O-O 5. Be2 d6 6. h3 Nbd7 7. O-O Re8 8. c4 c5 9. Nc3 cxd4 10. exd4 Qa5 11. a3 Qf5 12. Be3 d5 13.
Nb5 Rd8 14. c5 a6 15. Nc7 Rb8 16. Nh4 Qe4 17. g4 Ne5 18. Ng2 Bxg4 19. hxg4 Nexg4 20. Bf4 Nh5 21. Be3 Nxe3 22. fxe3 e5 23. Bd3 exd4 24. Bxe4 dxe4 25. Qb3 1-0

[Event "44th Chess Olympiad Open 2022"]
[Site "Chennai"]
[Date "2022.08.05"]
[Round "7.64"]
[White "Hashem, Khaled"]
[Black "Nay Lin Tun"]
[Result "1-0"]
[WhiteElo "1870"]
[BlackElo "2045"]
[Annotator "NA RC"]
[PlyCount "117"]
[EventDate "2022.??.??"]
[TimeControl "60"]

1. Nf3 Nf6 2. c4 c5 3. g3 g6 4. Bg2 Bg7 5. O-O O-O 6. Nc3 Nc6 7. a3 d5 8. cxd5 Nxd5 9. Nxd5 Qxd5 10. d3 Qd6 11. Qa4 Nd4 12. Nxd4 cxd4 13. Bd2 Bg4 14. Rfe1 Qb6 15. Qb4 Rac8 16. h3 Be6 17. Rac1 Qxb4 18. Bxb4 Bh6 19. f4 Rfe8 20. h4 b6 21. Bc6 Red8 22. Bxe7 Bf8 23. Bxd8 Rxd8 24. Bb5 Bd6 25. Rc2 a5 26. Rb1 h6 27. b4 axb4 28.
axb4 g5 29. hxg5 hxg5 30. Rc6 gxf4 31. Bc4 Bg4 32. gxf4 Bxe2 33. Kf2 Bh5 34. Rxb6 Bxf4 35. Rh1 Be3+ 36. Kg3 Be2 37. Re1 Bh5 38. Rh1 Be2 39. Rh2 Bd1 40. Rg6+ Kf8 41. Rf6 Kg7 42. Rxf7+ Kg6 43. Ra2 Rd6 44. b5 Kg5 45. Ra6 Rd8 46. b6 Rh8 47. b7 Bg1 48. Rd7 Bh2+ 49. Kg2 Bb8 50. Rg7+ Kf4 51. Rg8 Bf3+ 52. Kf2 Rh2+ 53. Kf1 Rh1+ 54. Rg1 Rh7 55. Rf6+ Ke3 56. Rf8 Be2+ 57. Ke1 Rh1 58. Re8+ Kf3 59. Bd5+ 1-0

[Event "44th Chess Olympiad Open 2022"]
[Site "Chennai"]
[Date "2022.08.05"]
[Round "7.65"]
[White "Bridet, Robert"]
[Black "Schadler, Martin"]
[Result "1-0"]
[WhiteElo "1497"]
[BlackElo "1939"]
[Annotator "NA"]
[PlyCount "93"]
[EventDate "2022.??.??"]
[TimeControl "60"]

1. e4 d6 2. d4 g6 3. Nf3 Bg7 4. Be3 a6 5. Nbd2 Nd7 6. c3 b6 7. Bc4 b5 8. Bd5 Rb8 9. Bxf7+ Kf8 10. Ng5 Nb6 11. Qf3 Nf6 12. Ne6+ Bxe6 13. Bxe6 Nbd7 14. Qf4 h5 15. Nf3 Bh6 16. Qh4 Kg7 17. e5 Ng4 18. Bg5 Bxg5 19. Nxg5 Nh6 20. Qh3 Nf8 21. Qf3 Qe8 22. O-O Nxe6 23. Nxe6+ Kh7 24. Nxc7 Qd7 25. exd6 Qxd6 26. Qg3 Qc6 27. d5 Qd6 28. Qxd6 exd6 29. Nxa6 Rbe8 30. Rfe1 Ng4 31. Nc7 Rb8 32. Re7+ Kh6 33. Rae1 Ne5 34. f4 Nd3 35. R1e6 Nxf4 36. Rxd6 Nd3 37. Ree6 Rhg8 38. Rb6 Rbd8 39. Rxb5 Rd7 40. d6 Rf8 41. Rb6 Rdf7 42. h4 Rf1+ 43. Kh2 Nf2 44. d7 Ng4+ 45. Kg3 R8f2 46. Rxg6+ Kh7 47. Rxg4 1-0

[Event "44th Chess Olympiad Open 2022"]
[Site "Chennai"]
[Date "2022.08.05"]
[Round "7.65"]
[White "Thomas, Larry"]
[Black "Frick, Renato"]
[Result "0-1"]
[WhiteElo "1317"]
[BlackElo "1900"]
[Annotator "NA RC"]
[PlyCount "100"]
[EventDate "2022.??.??"]
[TimeControl "60"]

1. d4 Nf6 2. Nc3 d5 3. Bf4 g6 4. Qd2 c6 5. f3 b5 6. Bh6 Qa5 7. Bxf8 Rxf8 8. e3 Nbd7 9. Bd3 e5 10. a3 Qc7 11. Nge2 Bb7 12. Ng3 a5 13.
O-O h5 14. dxe5 Nxe5 15. e4 O-O-O 16. exd5 Nxd5 17. Rfe1 f5 18. Nge2 Qb6+ 19. Kh1 Ne3 20. Nf4 N3c4 21. Qe2 Rfe8 22. Qf1 Nxb2 23. Rab1 Nbxd3 24. cxd3 Qd4 25. Nce2 Qd6 26. d4 Nc4 27. Nd3 Nd2 28. Qf2 Nxb1 29. Rxb1 Qxa3 30. Ne5 Qa2 31. Rc1 Qb2 32. Qe1 Rxe5 33. dxe5 Qxe5 34. Rc2 b4 35. Qc1 Qd5 36. Ng1 Kc7 37. Rc5 Qd1 38. Qf4+ Kb6 39. Rc1 Qd2 40. Qc4 Qd5 41. Qe2 Ba6 42. Qe3+ Qd4 43. Qe6 Qd6 44. Qe3+ c5 45. Re1 a4 46. Rb1 Qd4 47. Qe6+ Rd6 48.
Qe8 a3 49. Qa4 Bb5 50. Qa8 Rd8 0-1

[Event "44th Chess Olympiad Open 2022"]
[Site "Chennai"]
[Date "2022.08.05"]
[Round "7.67"]
[White "Rurik Capella"]
[Black "Stetsenko, Ilya"]
[Result "0-1"]
[WhiteElo "1952"]
[BlackElo "1683"]
[Annotator "NA RC"]
[PlyCount "108"]
[EventDate "2022.??.??"]
[TimeControl "60"]

1. e4 c6 2. d4 d5 3. e5 Bf5 4. Nf3 e6 5. Be2 Ne7 6. O-O h6 7. Nbd2 Nd7 8. c4 Bh7 9. Re1 Nf5 10. cxd5 cxd5 11. Bb5 Bb4 12. Qa4 Bxd2 13. Bxd2 a6 14. Bxd7+ Qxd7 15. Qa3 a5 16. Rac1 Ne7 17. Rc5 b6 18. Rc3 O-O 19. Qd6 Qxd6 20. exd6 Nf5 21. Rc6 Rad8 22. Bf4 g5 23. Bg3 g4 24. Ne5 Nxd4 25. Rxb6 h5 26. Nc6 Nxc6 27. Rxc6 Rd7 28. Bh4 Kg7 29. Be7 Ra8 30. Rec1 Bf5 31. Kf1 a4 32. Rc7 Ra7 33. Ke2 e5 34. f3 Be6 35. h3 Raxc7 36. dxc7 Rxe7 37. c8=Q Bxc8 38. Rxc8 gxh3 39. gxh3 Rb7 40. Rc2 Kf6 41. Kd3 Rb5 42. Rg2 Rb4 43. Kc3 Rf4 44. b4 Rc4+ 45. Kd3 Rxb4 46. Rc2 Rd4+ 47. Ke3 Rc4 48. Rd2 Rc3+ 49. Kf2 d4 50. h4 Kf5 51. Kg3 a3 52. Re2 f6 53. Kf2 d3 54. Re1 Rc2+ 0-1

[Event "44th Chess Olympiad Open 2022"]
[Site "Chennai"]
[Date "2022.08.05"]
[Round "7.67"]
[White "Croes, Octavio"]
[Black "Ursus van Bemmelen"]
[Result "0-1"]
[WhiteElo "1794"]
[BlackElo "2145"]
[Annotator "NA RC"]
[PlyCount "52"]
[EventDate "2022.??.??"]
[TimeControl "60"]

1. d4 d5 2. c4 e6 3. Nf3 Nf6 4. g3 Bb4+ 5. Bd2 Bd6 6. Bg2 O-O 7. O-O c6 8. Bg5 Nbd7 9. Qc2 h6 10. Bxf6 Qxf6 11. cxd5 exd5 12. Nc3 Qd8 13. e3 Re8 14. a3 a5 15. Rab1 Nb6 16. Nd2 g6 17. e4 dxe4 18. Ndxe4 Bf8 19. Rbd1 Bf5 20. Qd3 Be6 21. Rfe1 Bb3 22. Rd2 f5 23. Nf6+ Qxf6 24. Ne4 Qf7 25. Nf6+ Qxf6 26. Qxb3+ Qf7 0-1

[Event "44th Chess Olympiad Open 2022"]
[Site "Chennai"]
[Date "2022.08.05"]
[Round "7.68"]
[White "Chimthere, Alfred Charles"]
[Black "Kannappan, Thanneermalai"]
[Result "0-1"]
[WhiteElo "2035"]
[BlackElo "1699"]
[Annotator "NA RC"]
[PlyCount "118"]
[EventDate "2022.??.??"]
[TimeControl "60"]

1. d4 Nf6 2. c4 g6 3. Nc3 d5 4. cxd5 Nxd5 5. e4 Nxc3 6. bxc3 Bg7 7. Bc4 c5 8. Ne2 Nc6 9. Be3 Bg4 10. f3 Bd7 11. O-O O-O 12. Qd2 Qa5 13.
Rfd1 b5 14. Bd5 Rfd8 15. dxc5 Rac8 16. Rac1 Ne5 17. Nd4 Nc4 18. Bxc4 bxc4 19. Qe2 e5 20. Qxc4 exd4 21. cxd4 Bb5 22. Qc2 Ba4 23. Qd2 Qb5 24. Qd3 Qb2 25. Qd2 Rb8 26. Qxb2 Rxb2 27. Rd3 Bb5 28. Rdd1 Be2 29. Rb1 Bxd4 30. Bxd4 Rxb1 31. Rxb1 Rxd4 32. Rb2 Bd1 33. Rb8+ Kg7 34. Rb7 a6 35. Kf2 Ba4 36. e5 Kf8 37. Rb6 Bb5 38. Ke3 Rc4 39. h4 Rxc5 40. a4 Bf1 41. Kf2 Bc4 42. Ke3 Ra5 43.
h5 Kg7 44. hxg6 hxg6 45. Rb4 Be6 46. f4 Bd7 47. Rb7 Be6 48.
Rb4 Kf8 49. Kf3 Bd7 50. Rd4 Ke7 51. g4 Rxa4 52. Rd3 a5 53.
Kg3 Ra1 54. Kh4 Rg1 55. f5 gxf5 56. gxf5 Bxf5 57. Rd5 a4 58. Ra5 Bd7 59. Ra6 Ra1 0-1

[Event "44th Chess Olympiad Open 2022"]
[Site "Chennai"]
[Date "2022.08.05"]
[Round "7.68"]
[White "Lau, Lut Yin Luke"]
[Black "Mwale, Joseph"]
[Result "1-0"]
[WhiteElo "2027"]
[BlackElo "2131"]
[Annotator "NA RC"]
[PlyCount "133"]
[EventDate "2022.??.??"]
[TimeControl "60"]

1. e4 e5 2. Nf3 Nc6 3. Bc4 Nf6 4. d3 Bc5 5. c3 d6 6. O-O h6 7. a4 a5 8. d4 Bb6 9. dxe5 Nxe5 10. Nxe5 dxe5 11. Qxd8+ Kxd8 12. Nd2 Ke7 13. Nf3 Nxe4 14. Nxe5 Be6 15. Bxe6 Kxe6 16. Nc4 Bc5 17. Bf4 c6 18. Rae1 Kf5 19. Be3 Kf6 20. Bd4+ Bxd4 21. Rxe4 Bc5 22. Rf4+ Kg6 23. Ne5+ Kh7 24. Rxf7 Rhe8 25. Nd7 Kg6 26. Rf3 Ba7 27. Rd1 Re2 28. b3 Rae8 29. Rd6+ Kh7 30. g3 Rc2 31. Nf8+ Kg8 32. Ne6 Re2 33. Nf4 R2e7 34. h4 Bc5 35. Rdd3 Kh7 36. h5 Rf7 37. Kg2 b5 38. axb5 cxb5 39. Rd5 Rc7 40. Nd3 Bf8 41. Rxb5 Rxc3 42. Ne5 Rc5 43. Rxc5 Bxc5 44. Ng6 Ra8 45. Rf5 Bb4 46. Rb5 Rc8 47. f4 Kg8 48. Ne5 Kf8 49. Nc4 Ra8 50. Kf3 Bc3 51. Nb6 Ra7 52. Nd5 Be1 53. Rb8+ Kf7 54. Nb6 Rc7 55. Nc4 Bc3 56. Ra8 Rc5 57. g4 Ke7 58. Ke4 Rb5 59. Ra7+ Kf8 60. Kd3 Be1 61. Kc2 Rd5 62. Rc7 Rd4 63. Ne5 Bg3 64. Rc8+ Ke7 65. Nc6+ Kd7 66. Rd8+ Kxc6 67. Rxd4 1-0

[Event "44th Chess Olympiad Open 2022"]
[Site "Chennai"]
[Date "2022.08.05"]
[Round "7.68"]
[White "Nyambalo, Joseph Xavier"]
[Black "Nissinen, Niilo Man"]
[Result "0-1"]
[WhiteElo "1981"]
[BlackElo "1693"]
[Annotator "NA RC"]
[PlyCount "124"]
[EventDate "2022.??.??"]
[TimeControl "60"]

1. c4 Nf6 2. Nc3 d5 3. d4 g6 4. g3 Bg7 5. Bg2 dxc4 6. Qa4+ Nbd7 7. Nf3 O-O 8. Qxc4 Nb6 9. Qd3 Nbd5 10. O-O Nxc3 11. bxc3 Bf5 12. Qb5 Be4 13. Ba3 Re8 14. Qb3 e6 15. Rfd1 b6 16. c4 c6 17. Rac1 Qc8 18.
Bh3 Bf5 19. Bg2 Be4 20. Bh3 Bf5 21. Bxf5 gxf5 22. c5 b5 23. Bb2 Nd5 24. Qd3 Qd8 25. a3 Qf6 26. Ne5 Rec8 27. e4 fxe4 28.
Qxe4 Qf5 29. Qxf5 exf5 30. Nd3 a5 31. Kg2 Re8 32. Re1 Re4 33.
f3 Re3 34. Rcd1 f4 35. Nxf4 Rb3 36. Bc1 Nxf4+ 37. gxf4 Rd8 38. f5 Bf6 39. Bh6 Rxa3 40. d5 Ra2+ 41. Kh3 Ra4 42. f4 cxd5 43. Rxd5 Ra3+ 44. Kg2 Rc8 45. c6 Rc3 46. Rxb5 R3xc6 47. Kh1 Bd4 48. Bg5 a4 49. Rd1 Rc1 50. Rxc1 Rxc1+ 51. Kg2 h6 52. Be7 Rc2+ 53. Kh1 Ra2 54. Ra5 Bb2 55. Bd6 a3 56. Ra8+ Kg7 57. h4 Kf6 58. Ra5 h5 59. Bf8 Ra1+ 60.
Kg2 a2 61. Bb4 Bd4 62. Bd6 Rg1+ 0-1

[Event "44th Chess Olympiad Open 2022"]
[Site "Chennai"]
[Date "2022.08.05"]
[Round "7.68"]
[White "Kwong, Wing Ki"]
[Black "Matola Ernest"]
[Result "1-0"]
[WhiteElo "1824"]
[BlackElo "1964"]
[Annotator "NA"]
[PlyCount "87"]
[EventDate "2022.??.??"]
[TimeControl "60"]

1. d4 Nf6 2. c4 g6 3. Nc3 Bg7 4. e4 d6 5. Nf3 O-O 6. Be2 Na6 7. O-O e5 8. d5 Nh5 9. Rb1 Nf4 10. b4 f5 11. Ba3 fxe4 12. Nxe4 Bf5 13. Nfd2 Bh6 14. Bf3 b5 15. cxb5 Nb8 16. Rb3 Nd7 17. g3 Nh3+ 18. Kh1 Nb6 19. Bg2 Bd7 20. Bc1 Ng5 21. Nf3 Nf7 22. Qe2 Bg7 23. Rd1 Qe8 24. Bf1 Nh6 25. Rc3 Rc8 26. Bxh6 Bxh6 27. Nfg5 Qe7 28. h4 Kh8 29. Kh2 Bf5 30. Bg2 Rf6 31. Nxf6 Qxf6 32. Rdc1 Qe7 33. Be4 Bxg5 34. hxg5 Qxg5 35. Rxc7 Rf8 36. Kg1 h5 37. Bxf5 gxf5 38. Qe3 f4 39. Qe4 Rf5 40. R1c3 h4 41. Qg2 Qf6 42. gxf4 exf4 43. Qe4 f3 44. Rxf3 1-0